Bacon, chaotic female human Rogue ----------- |.@...+...| |..M......| |....<....| |...d.*...| |*?.*.....| ----------- Bacon the Rogue Experience level: 7 Strength: 16 Dexterity: 18 Constitution: 16 Intelligence: 10 Wisdom: 11 Charisma: 8 Health: 0(60) Energy: 32(32) Def: 9 Gold: 246 Moves: 4969 Dungeon seed: hUpUowgcVDkWKR7v Game ID: Bacon_1515768294 Your Inventory: Coins $ - 246 gold pieces Weapons a - an uncursed +0 short sword (weapon in hand) b - 14 uncursed +0 daggers (in quiver) x - an uncursed +0 elven dagger J - 11 uncursed +0 crossbow bolts of frost K - 5 uncursed +0 daggers of aggravate monster Y - an uncursed +0 sling of fire Armor e - an uncursed +0 mummy wrapping n - an uncursed +0 pair of kicking boots (being worn) r - an uncursed +0 dwarvish mithril-coat (being worn) y - an uncursed +0 dwarvish iron helm (being worn) z - an uncursed +0 dwarvish cloak (being worn) Comestibles i - an uncursed lembas wafer S - 2 uncursed food rations U - an uncursed carrot Scrolls t - an uncursed scroll of remove curse L - a cursed scroll of blank paper Potions c - an uncursed potion of sickness D - a potion of unholy water H - an uncursed potion of sleeping Rings j - an uncursed +5 ring of gain constitution Wands A - an uncursed wand of create monster (0:0) E - an uncursed wand of striking (0:7) W - an uncursed wand of cancellation (0:0) Tools d - an uncursed lock pick f - an uncursed oil lamp (lit) (0:282) g - an uncursed sack m - an uncursed sack named Pirate Sag s - an uncursed credit card v - an uncursed towel B - an uncursed tin opener T - an uncursed magic marker (0:86) X - an uncursed stethoscope Contents of the sack: an uncursed +0 pick-axe Contents of the sack named Pirate Sag: an uncursed dilithium crystal an uncursed fluorite stone an uncursed jade stone an uncursed opal 2 uncursed worthless pieces of green glass 3 uncursed worthless pieces of orange glass 2 uncursed worthless pieces of red glass 2 uncursed worthless pieces of violet glass an uncursed worthless piece of white glass an uncursed worthless piece of yellow glass Spells and supernatural/magical abilities: Spells marked with '*' are forgotten. Spells marked with '!' are maintained. Spells marked with '#' are aliased with 'castalias'. Name Level Category Fail Memory k - knock 1 matter 100% 96% W - pray for help -- divine ? -- Your skills at the end: Fighting Skills wands [Basic] Weapon Skills dagger [Skilled] short sword [Skilled] Spellcasting Skills Final Attributes: You were cancelled. You were stealthy. You last prayed 409 turns ago. You are dead. Vanquished creatures: a small mimic a shocking sphere a leprechaun 2 yetis a dog 2 dwarf lords a bugbear 3 shriekers 12 gnome lords 4 gnomish wizards a kobold mummy a paper golem a baby crocodile a little dog a floating eye 12 dwarves a kobold lord a kobold shaman 3 hill orcs 4 rothes 5 rabid rats 4 wererats a werejackal 4 iguanas an acid blob 2 coyotes 5 hobbits 2 hobgoblins 8 giant rats 3 yellow molds 53 gnomes 3 garter snakes 4 gnome zombies 2 geckos 7 jackals a fox 4 goblins 9 sewer rats 7 grid bugs 2 bats 5 lichens 2 kobold zombies 7 newts 195 creatures vanquished. Voluntary challenges: You used a wielded weapon 149 times, starting on turn 529. You read items or engraved 13 times, starting on turn 449. You never genocided any monsters. You never polymorphed an object. You never changed form. You used no wishes. You never split a pudding. You wrote Elbereth's name 2 times, starting on turn 3568. You never violated your personal moral code. Dungeon overview: The Dungeons of Doom: levels 1 to 2 Level 1 a fountain a long staircase Level 2 some fountains, a vault stairs to The Gnomish Mines The Gnomish Mines: levels 3 to 10 Level 3 stairs to The Dungeons of Doom Level 4 Level 5 many shops, a temple to Kos, some fountains Level 6 Level 7 Level 8 Level 9 Level 10 <- You were here History has recorded: On T:1 you entered the Dungeons of Doom to retrieve the Amulet of Yendor! On T:345 you reached level 2 of The Dungeons of Doom. On T:1066 you reached level 1 of The Gnomish Mines. On T:1153 you advanced to experience level 2. On T:1175 you advanced to experience level 3. On T:1313 you advanced to experience level 4. On T:1665 you reached level 2 of The Gnomish Mines. On T:1721 you advanced to experience level 5. On T:2395 you reached level 3 of The Gnomish Mines. On T:2507 you advanced to experience level 6. On T:3146 you reached level 4 of The Gnomish Mines. On T:3796 you reached level 5 of The Gnomish Mines. On T:4235 you reached level 6 of The Gnomish Mines. On T:4238 you advanced to experience level 7. On T:4953 you reached level 8 of The Gnomish Mines. Score breakdown: Gold: 246 ( 8139 points) Experience: 7 levels (13645 points) Exploration: 10 levels ( 21.28%) (13269 points) Discoveries: 19 items ( 6.31%) ( 7537 points) Valuables value: (no points given unless you survive) Artifact value: 0 ( 0 points) Variety of kills: 43 monsters ( 11.32%) (10091 points) Turncount: 4969 turns (-1345 points) Survival: died (score multiplied by 80%) Total score: 41068 Latest messages: The gnome zombie is destroyed! You hit the ettin mummy! The ettin mummy hits Ren. The ettin mummy misses Ren. Ren misses the ettin mummy. You hit the ettin mummy. Ren drops 2 gems. The ettin mummy hits! The ettin mummy misses. You hit the ettin mummy! The ettin mummy hits! (2x) The dagger hits the ettin mummy. The ettin mummy hits! (2x) You hear some noises in the distance. You hit the ettin mummy! The ettin mummy hits! The ettin mummy misses. You hit the ettin mummy! You hear some noises in the distance. The ettin mummy hits! (2x) You die... Final status: Goodbye Bacon the Rogue, killed by an ettin mummy... You died in The Gnomish Mines on dungeon level 10 with 41068 points, and 246 pieces of gold, after 4969 moves. You were level 7 with a maximum of 60 hit points when you died.